 Dungeon Crawl Stone Soup version 0.20.1-1-g8b1a95d (webtiles) character file.

103 pstr the Conjurer (level 5, 0/28 HPs)
             Began as a Kobold Conjurer on Nov 10, 2017.
             Slain by Ijyb (1 damage)
             ... on level 3 of the Dungeon.
             The game lasted 00:08:49 (2735 turns).

pstr the Conjurer (Kobold Conjurer)                 Turns: 2735, Time: 00:08:49

Health: 0/28       AC:  2    Str:  5    XL:     5   Next: 6%
Magic:  0/9        EV: 16    Int: 18    God:
Gold:   102        SH:  0    Dex: 15    Spells: 6/9 levels left

rFire    . . .     SeeInvis .   o - +2 short sword (freeze)
rCold    . . .     Gourm    .   (shield restricted)
rNeg     . . .     Faith    .   a - +0 robe
rPois    .         Spirit   .   (no helmet)
rElec    .         Reflect  .   (no cloak)
rCorr    .         Harm     .   (no gloves)
MR       .....                  (no boots)
Stlth    ++........             (no amulet)
Regen    0.1/turn               (no ring)
MPRegen  0.2/turn               (no ring)

@: no status effects
A: carnivore 3
a: no special abilities


You were on level 3 of the Dungeon.
You were very full.

You visited 1 branch of the dungeon, and saw 3 of its levels.

You collected 102 gold pieces.

Inventory:

Hand Weapons
 i - a -1 dagger
 n - a +0 rapier
 o - a +2 short sword of freezing (weapon)
Missiles
 e - 100 stones (quivered)
Armour
 a - a +0 robe (worn)
 l - a +0 ring mail
Wands
 p - a wand of random effects (29/48)
Scrolls
 d - 4 scrolls of identify
 f - 3 scrolls of remove curse
 g - 2 scrolls of enchant armour
 h - a scroll of teleportation {unknown}
 j - 2 scrolls of immolation {unknown}
 m - a scroll of magic mapping {unknown}
Books
 b - a book of Conjurations

   Spells                             Type                      Level
   a - Magic Dart                     Conjuration                  1
   b - Searing Ray                    Conjuration                  2
   c - Dazzling Spray                 Conjuration/Hexes            3
   d - Fulminant Prism                Conjuration/Hexes            4
   e - Force Lance                    Conjuration/Translocation    4
   f - Iskenderun's Mystic Blast      Conjuration                  4
Comestibles
 c - 2 meat rations
 k - 5 chunks of flesh


   Skills:
 + Level 0.9 Fighting
 + Level 0.6 Short Blades
 + Level 3.0 Dodging
 + Level 3.1 Stealth
 + Level 2.7 Spellcasting
 + Level 5.1 Conjurations


You had 6 spell levels left.
You knew the following spells:

 Your Spells              Type           Power        Failure   Level  Hunger
a - Magic Dart            Conj           ###.         1%          1    None
b - Searing Ray           Conj           ###...       3%          2    ##.....


Dungeon Overview and Level Annotations

Branches:
Dungeon (3/15)

Altars:
Xom
The Shining One

Annotations:
D:3 Ijyb


Innate Abilities, Weirdness & Mutations

You are small and have problems with some larger weapons.
You are carnivorous and can eat meat at any time.


Message History

Ijyb is severely wounded.
Ijyb hits you.
* * * LOW HITPOINT WARNING * * *
You hit Ijyb but do no damage.
Ijyb is severely wounded.
Ijyb hits you.
* * * LOW HITPOINT WARNING * * *
You hit Ijyb. You freeze Ijyb.
Ijyb is almost dead.
Ijyb closely misses you. Ijyb hits you.
* * * LOW HITPOINT WARNING * * *
Casting: Searing Ray
Confirm with . or Enter, or press ? or * to list all spells.
Aiming: Magic Dart
Press: ? - help, Shift-Dir - straight line, f/p - Ijyb
Aim: Ijyb, wearing a runed leather armour (almost dead)
The magic dart hits Ijyb.
Ijyb is almost dead.
Ijyb hits you.
You die...

#.#........########.
#.#.##.##### . ... #......#
. #...# ###.#### . #...#
####.#### . #...# #.......#
? #...#####.##.##.# .
#####.........#.g.#.###
..............#.@.#...##..
.........).(......).#......
......................##...
#####...#####.......### ..
#.........##.#.##
#...#####.#....# #...#
#.##.#.# ....# #.##....#
###### #.....#...


You could see Ijyb.

Vanquished Creatures
  5 adders
  A worm (D:2)
  A dart slug (D:1)
  3 leopard geckos
  3 orcs (D:3)
  4 giant cockroaches
  5 goblins
  7 hobgoblins
  A ball python (D:3)
  5 bats
  2 frilled lizards
  9 kobolds
  4 rats
50 creatures vanquished.

Notes
Turn   | Place    | Note
-------+----------+-------------------------------------------
     0 | D:1      | pstr the Kobold Conjurer began the quest for the Orb.
     0 | D:1      | Reached XP level 1. HP: 10/10 MP: 3/3
   404 | D:1      | Reached XP level 2. HP: 9/15 MP: 1/5
   411 | D:1      | Learned a level 2 spell: Searing Ray
   636 | D:1      | Found a shimmering altar of Xom.
   947 | D:1      | Reached XP level 3. HP: 14/19 MP: 0/6
  1536 | D:2      | Reached skill level 5 in Conjurations
  1536 | D:2      | Reached XP level 4. HP: 24/24 MP: 4/7
  1736 | D:2      | Found a glowing golden altar of the Shining One.
  2540 | D:3      | Reached XP level 5. HP: 25/28 MP: 0/9
  2683 | D:3      | Noticed Ijyb
  2732 | D:3      | HP: 1/28 [Ijyb (4)]
  2735 | D:3      | Slain by Ijyb

Skill      XL: |  1  2  3  4 |
---------------+-------------+-----
Conjurations   | 5 |  5.1
Dodging        | 3 |  3.0
Stealth        | 3 |  3.1
Fighting       | |  0.9
Short Blades   | |  0.6
Spellcasting   | |  2.7

Action                   |  1- 3 |  4- 6 || total
-------------------------+-------+-------++-------
Melee: Dagger            |    11 |    36 ||    47
       Rapier            |       |     5 ||     5
       Short sword       |       |    19 ||    19
 Cast: Magic Dart        |    29 |     9 ||    38
       Searing Ray       |    16 |    22 ||    38
  Use: Scroll            |       |     2 ||     2
  Eat: Chunk             |    12 |     4 ||    16
Armor: Robe              |     6 |    17 ||    23
Dodge: Dodged            |    33 |    96 ||   129
